 Dungeon Crawl Stone Soup version 0.22-a0-443-g17c3723 (webtiles) character file.

194422 nikopol the Sorcerer (level 17, -14/87 HPs)
             Began as a Deep Elf Fire Elementalist on May 31, 2018.
             Was the Champion of Vehumet.
             Killed by Shatter
             ... invoked by Jorgrun
              (27 damage)
             ... on level 3 of the Snake Pit on June 1, 2018.
             The game lasted 03:19:09 (45490 turns).

nikopol the Sorcerer (Deep Elf Fire Elementalist)  Turns: 45490, Time: 03:19:10

Health: -14/87     AC: 12    Str:  7    XL:     17   Next: 67%
Magic:  43/63      EV: 21    Int: 37    God:    Vehumet [******]
Gold:   1916       SH: 12    Dex: 14    Spells: 14/61 levels left

rFire    + . .     SeeInvis +   K - staff of fire
rCold    + . .     Gourm    .   g - +3 buckler {reflect}
rNeg     + . .     Faith    .   Q - +2 robe {MR+}
rPois    +         Spirit   .   a - +0 hat of the Abyss {Int+4}
rElec    +         Reflect  +   X - +1 cloak of Starlight {rElec rC+ EV+4 Stlth--}
rCorr    .         Harm     .   S - +2 pair of gloves {archery}
MR       +++..                  y - +2 pair of boots of Honour {rPois rF- rN+ Dex+3}
Stlth    ..........             J - amulet "Vydifyl" {Reflect Str-2 Int+5 SH+4 SInv}
HPRegen  0.24/turn              s - ring of Vehumet's Delight {rPois MP+9 Dex-4 Stlth-}
MPRegen  0.38/turn              A - ring of Midsummer {+Blink rF+ MR+ MP+9 Str+4}

@: no status effects
A: no striking features
}: 1/15 runes: decaying
a: Renounce Religion, Evoke Blink


You were on level 3 of the Snake Pit.
You worshipped Vehumet.
Vehumet was exalted by your worship.
You were near starving.

You visited 6 branches of the dungeon, and saw 31 of its levels.
You also visited: Ossuary.

You collected 2846 gold pieces.
You spent 930 gold pieces at shops.

Inventory:

Hand Weapons
 t - the +5 flail "Akkec" {crush, rElec MR++ Dex-4 SInv}
   (You found it on level 6 of the Dungeon)

   It inflicts extra damage upon your enemies.
   It affects your dexterity (-4).
   It insulates you from electricity.
   It affects your resistance to hostile enchantments.
   It lets you see invisible.
Armour
 a - the +0 hat of the Abyss (worn) {Int+4}
   (You acquired it on level 5 of the Lair of Beasts)

   It affects your intelligence (+4).
 g - a +3 buckler of reflection (worn)
 y - the +2 pair of boots of Honour (worn) {rPois rF- rN+ Dex+3}
   (You bought it in a shop on level 12 of the Dungeon)

   It affects your dexterity (+3).
   It makes you vulnerable to fire.
   It protects you from poison.
   It protects you from negative energy.
 Q - a +2 robe of magic resistance (worn)
 S - a +2 pair of gloves of archery (worn)
 X - the +1 cloak of Starlight (worn) {rElec rC+ EV+4 Stlth--}
   (You found it on level 6 of the Lair of Beasts)

   It affects your evasion (+4).
   It protects you from cold.
   It insulates you from electricity.
   It makes you much less stealthy.
Magical Staves
 i - an uncursed staff of energy
 K - an uncursed staff of fire (weapon)
Jewellery
 e - the ring "Rayxzaga" {Fire Dex+2 Slay+2}
   (You found it on level 11 of the Dungeon)

   [ring of fire]

   It enhances your fire magic.
   It affects your dexterity (+2).
   It affects your accuracy and damage with ranged weapons and melee attacks
   (+2).
   It protects you from fire.
   It makes you vulnerable to cold.
 s - the ring of Vehumet's Delight (left hand) {rPois MP+9 Dex-4 Stlth-}
   (You took it off a gnoll on level 11 of the Dungeon)

   [ring of loudness]

   It affects your dexterity (-4).
   It protects you from poison.
   It affects your magic capacity (+9).
   It makes you less stealthy.
 A - the ring of Midsummer (right hand) {+Blink rF+ MR+ MP+9 Str+4}
   (You acquired it on level 5 of the Lair of Beasts)

   [ring of magical power]

   It affects your strength (+4).
   It protects you from fire.
   It affects your resistance to hostile enchantments.
   It affects your magic capacity (+9).
   It lets you blink.
 J - the amulet "Vydifyl" (around neck) {Reflect Str-2 Int+5 SH+4 SInv}
   (You found it on level 9 of the Dungeon)

   [amulet of reflection]

   It shields you and reflects attacks.
   It affects your strength (-2).
   It affects your intelligence (+5).
   It lets you see invisible.
   It affects your SH (+4).
 Z - the amulet "Caomu" {Harm *Drain +Inv rN+++ Int+4 Dex-4}
   (You found it on level 11 of the Dungeon)

   [amulet of harm]

   It increases damage dealt and taken.
   It affects your intelligence (+4).
   It affects your dexterity (-4).
   It renders you almost immune to negative energy.
   It lets you turn invisible.
   It causes draining when unequipped.
Wands
 b - a wand of acid (27)
 o - a wand of digging (16)
 q - a wand of enslavement (28)
 u - a wand of scattershot (6)
 w - a wand of clouds (5)
 x - a wand of iceblast (24)
 O - a wand of disintegration (25)
 R - a wand of random effects (85)
 T - a wand of polymorph (22)
 V - a wand of flame (72)
Scrolls
 h - 13 scrolls of remove curse
 j - 12 scrolls of teleportation
 r - 2 scrolls of magic mapping
 v - 3 scrolls of amnesia
 D - 5 scrolls of enchant armour
 F - 4 scrolls of identify
 G - 2 scrolls of fog
 M - 6 scrolls of fear
 P - 3 scrolls of silence
 W - 2 scrolls of holy word
Potions
 d - 5 potions of might
 f - 4 potions of lignification
 k - 5 potions of flight
 l - 10 potions of curing
 m - 2 potions of ambrosia
 n - 2 potions of resistance
 p - 4 potions of cancellation
 z - 7 potions of heal wounds
 B - 2 potions of invisibility
 C - 2 potions of mutation
 H - a potion of agility
 N - 3 potions of haste
 U - 2 potions of brilliance
Comestibles
 c - 58 rations


   Skills:
 + Level 3.2 Fighting
 + Level 8.0 Dodging
 + Level 5.8 Stealth
 + Level 5.8 Shields
 + Level 22.5 Spellcasting
 + Level 17.1 Conjurations
 + Level 2.5 Translocations
 + Level 18.0 Fire Magic
 + Level 2.0 Air Magic
 + Level 4.1 Earth Magic


You had 14 spell levels left.
You knew the following spells:

 Your Spells              Type           Power        Failure   Level  Hunger
a - Flame Tongue          Conj/Fire      #####        0%          1    None
b - Throw Flame           Conj/Fire      ######       0%          2    None
c - Conjure Flame         Conj/Fire      ########     0%          3    None
d - Sticky Flame          Conj/Fire      ########     0%          4    None
e - Fireball              Conj/Fire      ########..   0%          5    None
f - Searing Ray           Conj           ######       0%          2    None
g - Lightning Bolt        Conj/Air       #######...   1%          5    None
h - Blink                 Tloc           N/A          1%          2    None
i - Ignition              Fire           ########..   1%          8    #......
j - Iron Shot             Conj/Erth      #######...   1%          6    None
k - Fire Storm            Conj/Fire      ########..   12%         9    ####...

Your spell library contained the following spells:

 Spells                   Type           Power        Failure   Level  Hunger
 Magic Dart               Conj           ####         0%          1    None
 Apportation              Tloc           ######       1%          1    None
 Bolt of Cold             Conj/Ice       #######...   1%          6    None
 Slow                     Hex            #####...     1%          2    None
 Throw Frost              Conj/Ice       ######       1%          2    None
 Freezing Cloud           Conj/Ice/Air   ######....   1%          6    None
 Mephitic Cloud           Conj/Pois/Air  ######..     1%          3    None
 Ring of Flames           Chrm/Fire      ########..   13%         7    None
 Summon Small Mammal      Summ           ####         1%          1    None
 Lehudib's Crystal Spear  Conj/Erth      #######...   13%         8    #......
 Animate Dead             Necr           N/A          6%          4    None
 Animate Skeleton         Necr           N/A          1%          1    None
 Freeze                   Ice            ####         1%          1    None
 Ozocubu's Refrigeration  Ice            #####.....   24%         6    None
 Summon Ice Beast         Ice/Summ       #####...     6%          4    None
 Ozocubu's Armour         Chrm/Ice       #####...     1%          3    None
 Call Imp                 Summ           #####...     1%          2    None
 Poison Arrow             Conj/Pois      #######...   1%          6    None
 Corpse Rot               Necr           N/A          1%          2    None
 Stone Arrow              Conj/Erth      ######       0%          3    None
 Shock                    Conj/Air       ####         0%          1    None
 Swiftness                Chrm/Air       #####...     1%          2    None
 Recall                   Summ/Tloc      N/A          1%          3    None
 Ice Form                 Ice/Tmut       #####...     6%          4    None
 Death Channel            Necr           #####.....   67%         6    None
 Throw Icicle             Conj/Ice       #######.     1%          4    None
 Glaciate                 Conj/Ice       #######...   98%         9    ####...
 Airstrike                Air            ######....   1%          4    None
 Confusing Touch          Hex            #####.       1%          1    None
 Metabolic Englaciation   Hex/Ice        #####.....   17%         5    None
 Static Discharge         Conj/Air       #######.     1%          3    None
 Simulacrum               Ice/Necr       #####.....   67%         6    None
 Chain Lightning          Conj/Air       #######...   21%         8    #......
 Leda's Liquefaction      Hex/Erth       ######....   2%          4    None
 Summon Hydra             Summ           #####.....   99%         7    None
 Inner Flame              Hex/Fire       ########     1%          3    None
 Summon Forest            Summ/Tloc      ######....   10%         5    None
 Hydra Form               Tmut           #####.....   67%         6    None
 Poisonous Vapours        Pois/Air       #####.       1%          2    None
 Borgnjor's Vile Clutch   Necr/Erth      ######....   7%          5    None


Dungeon Overview and Level Annotations

Branches:
Dungeon (15/15)            Temple (1/1) D:4            Lair (6/6) D:10
  Swamp (4/4) Lair:3        Snake (3/4) Lair:2        Slime (0/5) Lair:5
    Orc (2/2) D:10            Elf (0/3) Orc:2        Vaults (0/5) D:14
 Depths (0/5) D:15

Altars:
Cheibriados
Fedhas
Gozag
Hepliaklqana
Kikubaaqudgha
Makhleb
Nemelex Xobeh
Okawaru
Qazlal
Ru
Sif Muna
Uskayaw
Vehumet
Wu Jian
Xom
Zin
Jiyva

Shops:
D:7 ?   D:9 *   D:11 =   D:12 [[*%:   D:13 [   D:15 (   Orc:1 %**=
Orc:2 !*=([

Annotations:
Snake:3 Jorgrun, Vashnia


Message History

The anaconda burns!
The anaconda bites you!
* * * LOW HITPOINT WARNING * * *
x2 The anaconda constricts you.
The anaconda completely misses you.
* * * LOW HITPOINT WARNING * * *
The anaconda constricts you.
Casting: Fireball (safe; 0% risk of failure)
Confirm with . or Enter, or press ? or * to list all spells.
Aiming: Fireball (safe; 0% risk of failure)
Press: ? - help, Shift-Dir - straight line You feel a surge of power!
The fireball explodes!
The fireball engulfs the anaconda.
You kill the anaconda!
Vehumet accepts your kill.
You feel your power returning.
Jorgrun Earthshaker comes into view.
He is wielding a quarterstaff of crushing.
There is a stone staircase leading up here.
Jorgrun casts a spell.
The dungeon rumbles around Jorgrun!
You shudder from the earth-shattering force.
You die...

#...(....###..#
#.#.......
##......##
#..###.#.......
#.......##
#......##.....#
#........###..#####
#...##
#.........##.†#
#.##
#.........##..#
##........'...#
##......###..#
##....## #.@#
##..## #...# #+##
#...# #..#. ..g.##
#...# ....# ###...


You could see Jorgrun.

Vanquished Creatures
  A sphinx (D:11)
  3 thorn hunters
  A nagaraja (Snake:2)
  An orc warlord (Orc:1)
  Aizul (Snake:1)
  Louise (Swamp:1)
  2 stone giants
  A very ugly thing (Swamp:4)
  A fire dragon (Lair:6)
  4 vault guards (D:14)
  Erolcha (D:10)
  The ghost of Velros the Spry, a journeyman FeTm of Jiyva (Snake:1)
  Fannar (D:10)
  4 naga warriors
  2 ghost crabs (Swamp:4)
  20 hydras
  9 anacondas
  5 centaur warriors
  3 catoblepae
  A death knight (D:13)
  16 alligators
  5 death yaks
  3 two-headed ogres
  8 naga sharpshooters
  3 orc high priests (Orc:2)
  4 tengu warriors
  Nergalle (Lair:3)
  4 shock serpents (Snake:2)
  3 skeletal warriors
  A fire crab (shapeshifter) (D:13)
  A deep elf knight (D:15)
  A wizard (D:15)
  2 unseen horrors
  A spriggan druid (Swamp:4)
  11 swamp dragons
  A lindwurm (Lair:6)
  4 naga ritualists
  A shambling mangrove (Swamp:4)
  A deep elf archer (D:15)
  3 deep elf magi
  3 orc knights
  The ghost of zkyp the Grappler, a novice MiMo (D:6)
  5 orc sorcerers
  17 mana vipers
  5 salamanders
  A manticore (D:14)
  13 ugly things
  An oklob plant (Lair:6)
  4 cyclopes
  Maurice (D:10)
  27 black mambas
  Joseph (D:7)
  5 naga magi
  12 spiny frogs
  2 molten gargoyles (Lair:6)
  A torpor snail (Lair:2)
  A yaktaur (D:15)
  2 gargoyles
  9 komodo dragons
  A freezing wraith (D:15)
  3 rime drakes (Swamp:4)
  A redback zombie (D:13)
  6 ice devils (D:12)
  A queen bee (Lair:1)
  The ghost of anything the Cleaver, an amateur HOAK of Lugonu (D:3)
  15 trolls
  2 tengu conjurers
  13 tyrant leeches
  7 hornets
  A meliai (shapeshifter) (D:15)
  3 bog bodies
  8 blink frogs
  14 slime creatures
  A polar bear (Lair:5)
  9 hippogriffs
  A centaur simulacrum (D:15)
  A wraith (D:13)
  3 water elementals
  9 shadows
  35 yaks
  3 ynoxinuls (D:12)
  2 wyverns
  4 spriggans
  3 hogs (Swamp:1)
  6 basilisks (Lair:6)
  A hungry ghost (D:7)
  2 steam dragons
  30 vampire mosquitoes
  3 insubstantial wisps
  14 nagas
  4 wargs (Orc:2)
  15 swamp worms
  10 water moccasins
  3 hell hounds (Lair:6)
  12 swamp drakes
  10 porcupines
  3 ice beasts
  38 orc warriors
  A black bear (Lair:5)
  A necrophage (D:13)
  4 phantoms
  6 sky beasts
  9 ogres
  29 wolves
  15 centaurs
  10 crocodiles
  5 big kobolds
  A gnoll sergeant (D:11)
  12 bullfrogs
  A water moccasin zombie (D:5)
  A wyvern skeleton (D:14)
  11 scorpions
  37 killer bees
  2 electric eels
  4 wights (D:7)
  5 howler monkeys
  5 lava snakes (Lair:6)
  5 crimson imps
  4 centaur zombies
  3 bullfrog zombies
  8 hounds
  6 jellies
  A bullfrog skeleton (D:12)
  A gnoll shaman (D:10)
  10 orc priests
  28 orc wizards
  Crazy Yiuf (D:5)
  5 centaur skeletons
  3 iguanas
  3 worker ants
  A hound zombie (D:7)
  2 hound skeletons
  A howler monkey zombie (D:11)
  14 gnolls
  A howler monkey skeleton (D:7)
  A worker ant zombie (D:8)
  7 adders
  4 shadow imps
  An ooze (D:2)
  2 adder zombies (Ossuary)
  An adder skeleton (D:6)
  4 worms
  A dart slug (D:4)
  5 leopard geckos
  91 orcs
  2 ball pythons (D:5)
  6 bats
  2 giant cockroaches
  5 goblins
  7 hobgoblins
  2 jackals (D:11)
  3 quokkas
  4 frilled lizards
  A hobgoblin zombie (Ossuary)
  A jackal skeleton (D:5)
  54 kobolds
  A kobold zombie (Ossuary)
  A quokka zombie (D:5)
  A rat (D:3)
  5 briar patches (Swamp:2)
  2 fungi (Lair:6)
  5 plants
1021 creatures vanquished.

Vanquished Creatures (collateral kills)
  A crocodile (Lair:3)
1 creature vanquished.

Vanquished Creatures (others)
  Kirke (Swamp:1)
  A cyclops (D:13)
  A salamander (Snake:2)
  A human (Swamp:1)
  A briar patch (Swamp:2)
  24 fungi
  9 plants
38 creatures vanquished.

Grand Total: 1060 creatures vanquished

Notes
Turn   | Place    | Note
-------+----------+-------------------------------------------
     0 | D:1      | nikopol the Deep Elf Fire Elementalist began the quest for the Orb.
     0 | D:1      | Reached XP level 1. HP: 10/10 MP: 6/6
   288 | D:1      | Reached XP level 2. HP: 15/15 MP: 6/8
   932 | D:2      | Reached XP level 3. HP: 19/19 MP: 6/9
  1260 | D:2      | Learned a level 2 spell: Throw Flame
  1264 | D:2      | Learned a level 3 spell: Conjure Flame
  1582 | D:2      | Reached XP level 4. HP: 24/24 MP: 8/11
  1883 | D:3      | Noticed anything's ghost (amateur HOAK)
  1924 | D:3      | Reached skill level 4 in Spellcasting
  2068 | D:3      | Found a burning altar of Makhleb.
  2068 | D:3      | Noticed a balrug
  2330 | D:3      | Reached XP level 5. HP: 10/28 MP: 3/13
  2358 | D:3      | HP: 1/28 [poisoned by a scorpion]
  2964 | D:3      | Killed anything's ghost
  2964 | D:3      | Reached skill level 5 in Spellcasting
  2964 | D:3      | Reached skill level 5 in Fire Magic
  2964 | D:3      | Reached XP level 6. HP: 12/32 MP: 6/15
  3305 | D:4      | Found a sand-covered staircase.
  3314 | Ossuary  | Entered an ossuary
  3624 | D:4      | Learned a level 4 spell: Sticky Flame
  3696 | D:4      | Reached skill level 6 in Spellcasting
  3696 | D:4      | Reached XP level 7. HP: 36/36 MP: 7/18
  3811 | D:4      | Found a staircase to the Ecumenical Temple.
  3832 | Temple   | Entered the Ecumenical Temple
  3853 | Temple   | Became a worshipper of Vehumet
  4408 | D:5      | Entered Level 5 of the Dungeon
  4873 | D:5      | Reached skill level 7 in Spellcasting
  4873 | D:5      | Reached XP level 8. HP: 38/42 MP: 13/20
  5041 | D:5      | Reached * piety under Vehumet
  5041 | D:5      | Offered knowledge of Sandblast by Vehumet.
  5048 | D:5      | Reached skill level 5 in Conjurations
  5793 | D:5      | Learned a level 5 spell: Fireball
  5920 | D:5      | Reached skill level 8 in Spellcasting
  6497 | D:5      | Found a runed door.
  6501 | D:5      | Noticed Crazy Yiuf
  6503 | D:5      | Killed Crazy Yiuf
  6738 | D:6      | Noticed zkyp's ghost (novice MiMo)
  6750 | D:6      | Killed zkyp's ghost
  6750 | D:6      | Reached skill level 9 in Spellcasting
  6853 | D:6      | Reached XP level 9. HP: 21/46 MP: 16/24
  6860 | D:6      | Got a twisted flail
  6861 | D:6      | Identified the +5 flail "Akkec" {crush, rElec MR++ Dex-4 SInv} (You found it on level 6 of the Dungeon)
  7041 | D:6      | Reached ** piety under Vehumet
  7041 | D:6      | Offered knowledge of Searing Ray by Vehumet.
  7064 | D:6      | Reached skill level 1 in Fighting
  7407 | D:6      | Found a sacrificial altar of Ru.
  7530 | D:7      | Found Ipri's Magic Scroll Emporium.
  7844 | D:7      | Reached skill level 10 in Spellcasting
  7909 | D:7      | Bought a scroll of blinking for 82 gold pieces
  7930 | D:7      | Noticed Joseph
  7944 | D:7      | Found a blossoming altar of Fedhas.
  8604 | D:7      | Killed Joseph
  9097 | D:8      | Reached skill level 11 in Spellcasting
  9324 | D:8      | Found a sparkling altar of Nemelex Xobeh.
  9343 | D:8      | Learned a level 2 spell: Searing Ray
  9747 | D:8      | Reached XP level 10. HP: 50/52 MP: 21/27
  9977 | D:9      | Noticed a two-headed ogre
  9985 | D:8      | Killed a two-headed ogre
 10461 | D:9      | Offered knowledge of Ignite Poison by Vehumet.
 10493 | D:9      | Reached skill level 12 in Spellcasting
 10493 | D:9      | Reached skill level 10 in Fire Magic
 10964 | D:9      | Found Ulaje's Assorted Antiques.
 10984 | D:9      | Reached *** piety under Vehumet
 11126 | D:9      | Got a heavily runed copper amulet
 11497 | D:10     | Entered Level 10 of the Dungeon
 11599 | D:10     | Noticed Fannar
 12235 | D:10     | Reached skill level 5 in Stealth
 12243 | D:10     | Reached skill level 13 in Spellcasting
 12357 | D:10     | Found a staircase to the Orcish Mines.
 12503 | D:10     | Noticed Maurice
 12512 | D:10     | Killed Maurice
 12592 | D:10     | Noticed Erolcha
 12606 | D:10     | Killed Erolcha
 12606 | D:10     | Offered knowledge of Mephitic Cloud by Vehumet.
 12606 | D:10     | Reached XP level 11. HP: 29/57 MP: 12/30
 12955 | D:10     | Found a staircase to the Lair.
 13175 | D:10     | Killed Fannar
 13488 | Lair:1   | Entered Level 1 of the Lair of Beasts
 13906 | Lair:1   | Identified the amulet "Vydifyl" {Reflect Str-2 Int+5 SH+4 SInv} (You found it on level 9 of the Dungeon)
 14050 | Lair:1   | Reached **** piety under Vehumet
 14050 | Lair:1   | Offered knowledge of Olgreb's Toxic Radiance by Vehumet.
 15123 | Lair:2   | Reached skill level 14 in Spellcasting
 15123 | Lair:2   | Reached skill level 10 in Conjurations
 15172 | Lair:2   | Noticed an eight-headed hydra
 15382 | Lair:2   | Killed an eight-headed hydra
 15808 | Lair:2   | Found a staircase to the Snake Pit.
 15877 | Lair:2   | Reached skill level 15 in Spellcasting
 15877 | Lair:2   | Reached XP level 12. HP: 63/63 MP: 26/33
 16091 | Lair:2   | Noticed a death yak
 16140 | Lair:2   | Killed a death yak
 16634 | Lair:3   | Noticed Nergalle
 16639 | Lair:3   | Killed Nergalle
 16853 | Lair:3   | Identified a scroll of acquirement
 17394 | Lair:3   | Reached ***** piety under Vehumet
 17633 | Lair:3   | Reached skill level 16 in Spellcasting
 17671 | Lair:3   | Found a staircase to the Swamp.
 17743 | Lair:3   | Offered knowledge of Conjure Ball Lightning by Vehumet.
 18033 | Lair:4   | Noticed a catoblepas
 18036 | Lair:4   | Killed a catoblepas
 20012 | Lair:5   | Found a viscous altar of Jiyva.
 20013 | Lair:5   | Found a staircase to the Slime Pits.
 20226 | Lair:6   | Entered Level 6 of the Lair of Beasts
 20392 | Lair:6   | Reached XP level 13. HP: 50/68 MP: 14/35
 20870 | Lair:6   | Found a blossoming altar of Fedhas.
 21116 | Lair:6   | Reached skill level 5 in Dodging
 21118 | Lair:6   | Reached skill level 17 in Spellcasting
 21859 | Lair:5   | Got a sparkling platinum ring
 21861 | Lair:5   | Identified the ring of Midsummer {+Blink rF+ MR+ MP+9 Str+4} (You acquired it on level 5 of the Lair of Beasts)
 21899 | Lair:5   | Got a twisted hat
 21905 | Lair:5   | Identified the +0 hat of the Abyss {Int+4} (You acquired it on level 5 of the Lair of Beasts)
 22114 | Lair:5   | Learned a level 5 spell: Lightning Bolt
 22749 | Lair:6   | Reached skill level 1 in Shields
 23154 | Lair:6   | Noticed a fire dragon
 23444 | Lair:6   | Found a large runed door.
 23449 | Lair:6   | Found a large runed door.
 23474 | Lair:6   | Found the +1 cloak of Starlight {rElec rC+ EV+4 Stlth--}
 23681 | Lair:6   | Killed a fire dragon
 23681 | Lair:6   | Reached skill level 1 in Air Magic
 23908 | Orc:1    | Entered Level 1 of the Orcish Mines
 24667 | D:11     | Offered knowledge of Orb of Destruction by Vehumet.
 24887 | D:11     | Noticed a stone giant
 24892 | D:11     | Killed a stone giant
 24981 | D:11     | Noticed a sphinx
 24987 | D:11     | Killed a sphinx
 24987 | D:11     | Reached XP level 14. HP: 63/72 MP: 29/37
 25058 | D:11     | Found the +2 robe of Vines {NoPotionHeal Regen+7}
 25063 | D:11     | Got a smoking iron ring
 25065 | D:11     | Got a wavering zirconium amulet
 25072 | D:11     | Identified the amulet "Caomu" {Harm *Drain +Inv rN+++ Int+4 Dex-4} (You found it on level 11 of the Dungeon)
 25076 | D:11     | Identified the ring "Xeuxt" {Wiz -Tele +Inv rC++} (You found it on level 11 of the Dungeon)
 25102 | D:11     | Got a warped golden ring
 25105 | D:11     | Identified the ring "Rayxzaga" {Fire Dex+2 Slay+2} (You found it on level 11 of the Dungeon)
 25364 | D:11     | Reached skill level 18 in Spellcasting
 25518 | D:11     | Got a scorched turquoise ring
 25524 | D:11     | Found Vafeuqeh's Jewellery Shoppe.
 26413 | D:12     | Found Ysues's Antique Armour Shoppe.
 26433 | D:12     | Bought a pair of ichor-stained boots for 304 gold pieces
 26439 | D:12     | Identified the +2 pair of boots of Honour {rPois rF- rN+ Dex+3} (You bought it in a shop on level 12 of the Dungeon)
 26705 | D:12     | Found Udoidef's Armour Shoppe.
 26755 | D:12     | Found Hisu's Book Boutique.
 26764 | D:12     | Bought a book of Minor Magic for 240 gold pieces
 26767 | D:12     | Learned a level 2 spell: Blink
 26811 | D:12     | Learned a level 9 spell: Fire Storm
 27024 | D:12     | Found Owoireb's Food Shoppe.
 27107 | D:12     | Found Raeso's General Store.
 27427 | D:13     | Offered knowledge of Lee's Rapid Deconstruction by Vehumet.
 27750 | D:13     | Identified the ring of Vehumet's Delight {rPois MP+9 Dex-4 Stlth-} (You took it off a gnoll on level 11 of the Dungeon)
 28089 | D:13     | Reached skill level 15 in Fire Magic
 28669 | D:13     | Found Adwogh's Antique Armour Emporium.
 29063 | D:14     | Reached skill level 19 in Spellcasting
 30015 | D:14     | Reached XP level 15. HP: 52/76 MP: 19/40
 30376 | D:14     | Reached skill level 5 in Shields
 30380 | D:14     | Offered knowledge of Iron Shot by Vehumet.
 30388 | D:14     | Learned a level 6 spell: Iron Shot
 30444 | D:14     | Found a gate to the Vaults.
 30976 | D:15     | Entered Level 15 of the Dungeon
 31187 | D:15     | Found Ynibey's Antique Weapon Boutique.
 31881 | D:15     | Found a staircase to the Depths.
 33336 | Orc:1    | Found Zifuh's Assorted Antiques.
 33369 | Orc:1    | Found Kuopp's Jewellery Emporium.
 33373 | Orc:1    | Found Xakhlovuepp's General Store.
 33498 | Orc:2    | Entered Level 2 of the Orcish Mines
 33517 | Orc:2    | Offered knowledge of Spellforged Servitor by Vehumet.
 33780 | Orc:2    | Noticed an orc warlord
 33875 | Orc:1    | Killed an orc warlord
 34234 | Orc:2    | Reached skill level 20 in Spellcasting
 34242 | Orc:2    | Reached skill level 1 in Earth Magic
 34435 | Orc:2    | Found Daetuir's General Store.
 34448 | Orc:2    | Found a staircase to the Elven Halls.
 34453 | Orc:2    | Bought a scroll of teleportation for 45 gold pieces
 34495 | Orc:2    | Found Ydwi's Distillery.
 34623 | Orc:1    | Found Ciuptirr's Food Shop.
 34834 | Orc:2    | Found Reanapn's Antique Weapon Shoppe.
 35059 | Orc:2    | Found Erevew's Antique Armour Shoppe.
 35286 | Orc:2    | Found Famy's Jewellery Emporium.
 35478 | Swamp:1  | Entered Level 1 of the Swamp
 35484 | Swamp:1  | Reached skill level 15 in Conjurations
 35688 | Swamp:1  | Noticed Kirke
 35817 | Lair:3   | Reached skill level 1 in Translocations
 36123 | Swamp:1  | Killed Kirke
 36521 | Swamp:1  | Noticed Louise
 36524 | Swamp:1  | Killed Louise
 37409 | Swamp:2  | Reached XP level 16. HP: 76/82 MP: 41/42
 37415 | Swamp:2  | Noticed a thorn hunter
 37420 | Swamp:2  | Killed a thorn hunter
 37786 | Swamp:2  | Reached ****** piety under Vehumet
 38186 | Swamp:3  | Offered knowledge of Bolt of Fire by Vehumet.
 39296 | Swamp:4  | Entered Level 4 of the Swamp
 39510 | Swamp:4  | Reached skill level 21 in Spellcasting
 39832 | Swamp:4  | Noticed a thorn hunter
 39834 | Swamp:4  | Killed a thorn hunter
 40142 | Swamp:4  | Noticed a thorn hunter
 40144 | Swamp:4  | Killed a thorn hunter
 40155 | Swamp:4  | Offered knowledge of Conjure Ball Lightning by Vehumet.
 40695 | Swamp:4  | Got a decaying rune of Zot
 41079 | Snake:1  | Entered Level 1 of the Snake Pit
 41286 | Snake:1  | Noticed Velros's ghost (journeyman FeTm)
 41290 | Snake:1  | Reached XP level 17. HP: 61/87 MP: 32/44
 41426 | Snake:1  | Killed Velros's ghost
 41501 | Snake:1  | Noticed Aizul
 41505 | Snake:1  | Killed Aizul
 42964 | Snake:2  | Reached skill level 22 in Spellcasting
 43939 | Snake:2  | Offered knowledge of Shatter by Vehumet.
 43939 | Snake:2  | Offered knowledge of Tornado by Vehumet.
 43939 | Snake:2  | Offered knowledge of Ignition by Vehumet.
 43953 | Snake:2  | Learned a level 8 spell: Ignition
 44978 | D:12     | Bought a +2 buckler of reflection for 259 gold pieces
 45471 | Snake:3  | Noticed Vashnia
 45488 | Snake:3  | Noticed Jorgrun
 45490 | Snake:3  | Killed from afar by Jorgrun

Vault maps used:
D:1:      minmay_arrival_solitary_statue, hangedman_abyss_or_decor_lesser_grid
D:2:      minmay_statues_item
D:3:      first_ration, makhleb_altar_promises_db
D:4:      minmay_temple_entry_large_hall, lightli_ossuary_entry_decrepit_ruins,
          grunt_decor_mini_mirrors
D:5:      minmay_goblin_kobold_castle, lemuel_flamethrower_2,
          uniq_crazy_yiuf_cottage
D:6:      kennysheep_mini
D:7:      serial_shops, shop_statue, fedhas_altar_2, uniq_joseph
D:8:      nemelex_xobeh_ov_fountains_minmay
D:9:      serial_shops, nicolae_shop_stone
D:10:     grunt_lair_entry_orc_guard_hut, orc_0_dummy, uniq_fannar,
          uniq_maurice, uniq_erolcha
D:11:     minmay_shrinking_squares, serial_shops, nicolae_shop_stone,
          grunt_tengu_nest
D:12:     cheibrodos_quadrivalence, serial_shops, shop, shop, shop, shop,
          kennysheep_mini_moat
D:13:     minmay_bloctagon_deflated, serial_shops, shop
D:14:     lightli_vaults_fourway_checkpoint, kennysheep_big_empty_room,
          kennysheep_dice
D:15:     hangedman_depths_entry_civil_slaughter, serial_shops,
          nicolae_shop_trees, nicolae_twisting_strands
Temple:   grunt_wide_crystal_templ
Lair:1:   special_room, beast_lair_carwin_4, serial_bayou_shore_a
Lair:2:   guppyfry_snake_entry_island
Lair:3:   minmay_swamp_entry_swarm, lab_entry_generic, lemuel_fruit_tree,
          uniq_nergalle
Lair:5:   dpeg_slime_entry_enclosed_altar, nicolae_quartered_pool_medium,
          minivault_26, grunt_forest_stairs_clearing
Lair:6:   cheibrodos_lair_end_hotspot, basic_altar, grunt_forest_stairs_basic,
          lemuel_old_faithful
Swamp:1:  evilmike_swamp_ruin_rubble_2, swamp_pool5, uniq_louise, uniq_kirke
Swamp:2:  hangedman_swamp_cone
Swamp:3:  evilmike_swamp_ruin_house_3, swamp_pool1
Swamp:4:  swamp_alternative
Snake:1:  uniq_aizul
Snake:2:  cheibrodos_forgotten_conduit
Snake:3:  st_stairs_11, uniq_vashnia, uniq_saint_roka, uniq_jorgrun
Orc:1:    serial_shops, shop, shop, shop_fountains, shop
Orc:2:    grunt_orc_gardens, grunt_orc_garden, grunt_orc_garden,
          grunt_orc_garden, grunt_orc_garden, serial_shops, shop_statue,
          special_room
Ossuary:  ossuary_minmay_tomb_2a

Skill      XL: |  1  2  3  4  5  6  7  8  9 10 11 12 13 14 15 16 17 |
---------------+----------------------------------------------------+-----
Fire Magic     | 4 5 7 8 9 10 12 13 14 15 16 17 18 | 18.0
Stealth        | 3 4 5 |  5.8
Spellcasting   | 4 5 6 7 9 11 13 15 16 17 19 20 21 22 | 22.5
Conjurations   | 2 3 4 6 7 9 10 11 13 14 15 16 17 | 17.1
Dodging        | 3 4 5 6 7 8 |  8.0
Fighting       | 1 2 3 |  3.2
Shields        | 3 4 5 |  5.8
Air Magic      | 1 2 |  2.0
Earth Magic    | 1 2 4 |  4.1
Translocations | 1 2 |  2.5

Action                   |  1- 3 |  4- 6 |  7- 9 | 10-12 | 13-15 | 16-18 || total
-------------------------+-------+-------+-------+-------+-------+-------++-------
Melee: Flail             |       |       |    16 |     3 |     1 |       ||    20
 Cast: Flame Tongue      |    53 |    85 |   250 |   366 |   472 |    69 ||  1295
       Conjure Flame     |     1 |     5 |     8 |    21 |    16 |       ||    51
       Throw Flame       |       |       |    21 |    17 |    30 |    12 ||    80
       Sticky Flame      |       |       |    20 |    72 |   112 |    38 ||   242
       Fireball          |       |       |    10 |    71 |   297 |   250 ||   628
       Searing Ray       |       |       |     1 |     1 |     4 |       ||     6
       Lightning Bolt    |       |       |       |       |    44 |       ||    44
       Iron Shot         |       |       |       |       |    32 |    55 ||    87
       Blink             |       |       |       |       |    10 |    18 ||    28
  Use: Scroll            |       |     5 |     2 |    17 |    19 |     6 ||    49
       Potion            |       |       |       |     1 |     2 |     1 ||     4
 Stab: Sleeping          |       |       |     1 |       |       |       ||     1
  Eat: Chunk             |     2 |     3 |    20 |    17 |    46 |    15 ||   103
       Ration            |       |     1 |       |     5 |     2 |     2 ||    10
Armor: Robe              |     2 |     3 |    26 |    21 |    56 |    18 ||   126
Dodge: Dodged            |    14 |    21 |    69 |    91 |   255 |    90 ||   540
Block: Other             |       |       |       |     9 |     6 |       ||    15
       Buckler           |       |       |       |       |   140 |    69 ||   209
       Reflection        |       |       |       |       |    12 |    11 ||    23

Table legend:
 A = Spawn XP
 B = Non-spawn XP
 C = Spawn XP percentage of total XP
 D = Spawn monster count
 E = Non-spawn monster count
 F = Spawn count percentage of total count
 G = Total turns spent on level
                    A         B        C        D         E        F      G
               +---------+---------+-------+---------+---------+-------+---------
         Total |       0 |  266057 |   0.0 |       0 |    1013 |   0.0 | 45490
               +---------+---------+-------+---------+---------+-------+---------
           D:1 |       0 |      33 |   0.0 |       0 |      12 |   0.0 |  1011
           D:2 |       0 |      65 |   0.0 |       0 |      12 |   0.0 |   938
           D:3 |       0 |     420 |   0.0 |       0 |      19 |   0.0 |  1335
           D:4 |       0 |     420 |   0.0 |       0 |       9 |   0.0 |  1077
           D:5 |       0 |    1235 |   0.0 |       0 |      79 |   0.0 |  2425
           D:6 |       0 |    1088 |   0.0 |       0 |      12 |   0.0 |   798
           D:7 |       0 |    1322 |   0.0 |       0 |      15 |   0.0 |  1235
           D:8 |       0 |    2172 |   0.0 |       0 |      25 |   0.0 |  1443
           D:9 |       0 |    2068 |   0.0 |       0 |      21 |   0.0 |  1247
          D:10 |       0 |    6285 |   0.0 |       0 |      64 |   0.0 |  2890
          D:11 |       0 |   12906 |   0.0 |       0 |      59 |   0.0 |  2152
          D:12 |       0 |    8483 |   0.0 |       0 |      48 |   0.0 |  1266
          D:13 |       0 |   12105 |   0.0 |       0 |      39 |   0.0 |  1505
          D:14 |       0 |   18740 |   0.0 |       0 |      44 |   0.0 |  2002
          D:15 |       0 |   14388 |   0.0 |       0 |      36 |   0.0 |  1634
        Lair:1 |       0 |    3191 |   0.0 |       0 |      36 |   0.0 |  1821
        Lair:2 |       0 |    7863 |   0.0 |       0 |      28 |   0.0 |  2257
        Lair:3 |       0 |    9612 |   0.0 |       0 |      38 |   0.0 |  1689
        Lair:4 |       0 |    2813 |   0.0 |       0 |       8 |   0.0 |  1207
        Lair:5 |       0 |    4699 |   0.0 |       0 |      21 |   0.0 |  2061
        Lair:6 |       0 |   16700 |   0.0 |       0 |      53 |   0.0 |  2543
       Swamp:1 |       0 |   10805 |   0.0 |       0 |      30 |   0.0 |  1293
       Swamp:2 |       0 |   11550 |   0.0 |       0 |      23 |   0.0 |   798
       Swamp:3 |       0 |   12860 |   0.0 |       0 |      30 |   0.0 |  1718
       Swamp:4 |       0 |   34687 |   0.0 |       0 |      63 |   0.0 |  1105
       Snake:1 |       0 |   21293 |   0.0 |       0 |      38 |   0.0 |  1983
       Snake:2 |       0 |   31207 |   0.0 |       0 |      49 |   0.0 |  1772
       Snake:3 |       0 |    1756 |   0.0 |       0 |       2 |   0.0 |    51
         Orc:1 |       0 |    4326 |   0.0 |       0 |      25 |   0.0 |  1320
         Orc:2 |       0 |   10952 |   0.0 |       0 |      71 |   0.0 |   856
       Ossuary |       0 |      13 |   0.0 |       0 |       4 |   0.0 |    27
               +---------+---------+-------+---------+---------+-------+---------
